 Dungeon Crawl Stone Soup version 0.31.0-9-g3a7656b989 (webtiles) character file.

Game seed: 12264918931402559430

2961418 sasquatch the Conqueror (level 27, 249/249 HPs)
             Began as a Merfolk Gladiator on Jan 24, 2024.
             Was an Elder of the Shining One.
             Escaped with the Orb
             ... and 5 runes on Jan 25, 2024!
             The game lasted 03:37:24 (76664 turns).

sasquatch the Conqueror (Merfolk Gladiator)        Turns: 76664, Time: 03:37:25

Health: 249/249    AC: 34    Str: 16    XL:     27
Magic:  33/33      EV: 22    Int: 18    God:    the Shining One [****..]
Gold:   3998       SH: 32    Dex: 25    Spells: 26/26 levels left

rFire   + . .        x - +9 eudemon blade (holy)
rCold   + . .        z - +8 tower shield {rC+}
rNeg    + + .        W - +4 storm dragon scales "Ycock" {Harm rElec rC- Will+++ Regen+}
rPois   +            g - +0 hat of Mezcal {rC+ Str+2 Int-4}
rElec   +            A - +2 cloak {rCorr}
rCorr   +            R - +3 pair of gloves of Philately {rPois Int+4}
SInv    .            n - +0 pair of boots
Will    +++++        G - amulet of regeneration Stlth
                     V - ring of Uniquypo {Fire Int+4}
HPRegen 2.21/turn    b - ring of protection from cold
MPRegen 0.23/turn

%: harm (+30% outgoing, +20% incoming), clarity
@: glowing, studying 3 skills
A: (nimble swimmer 2), mertail, beak, iridescent scales 1, clarity, clever 1,
low MP 1
0: Orb of Zot
}: 5/15 runes: decaying, slimy, silver, abyssal, gossamer
a: Renounce Religion, Divine Shield, Cleansing Flame


You escaped.
You worshipped the Shining One.
The Shining One was greatly pleased with you.
You visited 11 branches of the dungeon, and saw 53 of its levels.
You visited the Abyss 1 time.
You also visited: Bailey and Ice Cave.

You collected 9268 gold pieces.
You spent 5270 gold pieces at shops.

Inventory:

Hand Weapons
 v - a +9 double sword of freezing
 x - a +9 eudemon blade of holy wrath (weapon)
Missiles
 d - 7 throwing nets
 e - 4 javelins
 i - 11 curare-tipped darts (quivered)
Armour
 g - the +0 hat of Mezcal (worn) {rC+ Str+2 Int-4}
   (You bought it in a shop on level 8 of the Dungeon)

   Str+2:     It affects your strength (+2).
   Int-4:     It affects your intelligence (-4).
   rC+:       It protects you from cold.
 n - a +0 pair of boots (worn)
 z - a +8 tower shield of cold resistance (worn)
 A - a +2 cloak of preservation (worn)
 C - the +2 cloak "Xined" {Will+}
   (You found it on level 2 of the Spider Nest)

   Will+:     It increases your willpower.
 H - the +4 dragonskin cloak
   (You took it off Tiamat on level 3 of the Realm of Zot)

   Avatar's Aegis: It grants the wearer a chance to resist fire, cold, poison,
   electricity, acid, and negative energy.
 R - the +3 pair of gloves of Philately (worn) {rPois Int+4}
   (You acquired it on level 5 of the Vaults)

   Int+4:     It affects your intelligence (+4).
   rPois:     It protects you from poison
 W - the +4 storm dragon scales "Ycock" (worn) {Harm rElec rC- Will+++ Regen+}
   (You bought it in a shop on level 8 of the Dungeon)

   rC-:       It makes you vulnerable to cold.
   rElec:     It insulates you from electricity.
   Will+++:   It greatly increases your willpower.
   Regen+:    It increases your rate of health regeneration.
   Harm:      It increases damage dealt and taken.
Jewellery
 b - a ring of protection from cold (right hand)
 u - a ring of flight
 G - an amulet of regeneration (around neck)
 P - a ring of resist corrosion
 V - the ring of Uniquypo (left hand) {Fire Int+4}
   (You found it on level 5 of the Vaults)

   [ring of fire]

   Fire:      It enhances your fire magic.
   Int+4:     It affects your intelligence (+4).
   rF+:       It protects you from fire.
   rC-:       It makes you vulnerable to cold.
 X - a ring of poison resistance
Wands
 w - a wand of quicksilver (28)
 O - a wand of digging (12)
 S - a wand of paralysis (40)
 Y - a wand of iceblast (22)
Scrolls
 c - 20 scrolls of identify
 j - 15 scrolls of teleportation
 k - 3 scrolls of blinking
 m - 3 scrolls of immolation
 p - 7 scrolls of fog
 t - 3 scrolls of revelation
 B - 6 scrolls of poison
 D - 2 scrolls of vulnerability
 E - 4 scrolls of brand weapon
 J - 2 scrolls of summoning
 Q - 5 scrolls of fear
 U - a scroll of silence
Potions
 a - 2 potions of attraction
 f - 38 potions of curing
 h - a potion of magic
 l - 9 potions of enlightenment
 o - a potion of mutation
 q - a potion of haste
 s - a potion of might
 I - a potion of cancellation
 K - 7 potions of berserk rage
 L - 8 potions of ambrosia
 N - 8 potions of lignification
 T - 4 potions of heal wounds
 Z - 5 potions of resistance
Miscellaneous
 r - a phial of floods
 y - a phantom mirror
 F - a lightning rod (4/4)
 M - a sack of spiders (inert)


   Skills:
 O Level 27 Fighting
 - Level 24.0 Long Blades
 - Level 2.0 Throwing
 - Level 18.0 Armour
 - Level 24.0 Dodging
 - Level 20.0 Shields
 + Level 20.6 Invocations
 - Level 18.0 Evocations


You had 26 spell levels left.
You didn't know any spells.
Your spell library contained the following spells:

 Spells                   Type           Power      Damage    Failure   Level
 Apportation              Tloc           0%         N/A       96%         1
 Foxfire                  Conj/Fire      0%         2x1d4     96%         1
 Freeze                   Ice            0%         1d3       96%         1
 Magic Dart               Conj           0%         1d3       96%         1
 Necrotise                Necr           0%         1d4       96%         1
 Sandblast                Erth           0%         2d4       96%         1
 Sting                    Conj/Alch      0%         1d3       96%         1
 Summon Small Mammal      Summ           0%         N/A       96%         1
 Blink                    Tloc           0%         N/A       99%         2
 Call Imp                 Summ           0%         N/A       99%         2
 Ensorcelled Hibernation  Hex/Ice        0%         N/A       99%         2
 Jinxbite                 Hex            0%         N/A       99%         2
 Lesser Beckoning         Tloc           0%         N/A       99%         2
 Scorch                   Fire           0%         2d5       99%         2
 Searing Ray              Conj           0%         2d4       99%         2
 Static Discharge         Conj/Air       0%         3-3/arc   99%         2
 Sublimation of Blood     Necr           0%         N/A       99%         2
 Call Canine Familiar     Summ           0%         N/A       100%        3
 Dazzling Flash           Conj/Hex       0%         N/A       100%        3
 Frozen Ramparts          Ice            0%         1d1       100%        3
 Fugue of the Fallen      Necr           0%         N/A       100%        3
 Gell's Gravitas          Tloc           0%         N/A       100%        3
 Hailstorm                Conj/Ice       0%         3d5       100%        3
 Inner Flame              Hex/Fire       0%         N/A       100%        3
 Mephitic Cloud           Conj/Alch/Air  0%         N/A       100%        3
 Ozocubu's Armour         Ice            0%         N/A       100%        3
 Passwall                 Erth           0%         N/A       100%        3
 Stone Arrow              Conj/Erth      0%         3d7       100%        3
 Summon Ice Beast         Ice/Summ       0%         N/A       100%        3
 Teleport Other           Tloc           0%         N/A       100%        3
 Tukima's Dance           Hex            0%         N/A       100%        3
 Airstrike                Air            0%         2d(0-16)  100%        4
 Anguish                  Hex/Necr       0%         N/A       100%        4
 Brom's Barrelling Bould  Conj/Erth      0%         2d3       100%        4
 Cause Fear               Hex            0%         N/A       100%        4
 Dimensional Bullseye     Hex/Tloc       0%         N/A       100%        4
 Flame Wave               Conj/Fire      0%         2d4       100%        4
 Fulminant Prism          Conj/Alch      0%         3d5       100%        4
 Ignite Poison            Fire/Alch      0%         N/A       100%        4
 Iskenderun's Mystic Bla  Conj/Tloc      0%         2d3       100%        4
 Leda's Liquefaction      Alch/Erth      0%         N/A       100%        4
 Passage of Golubria      Tloc           0%         N/A       100%        4
 Petrify                  Alch/Erth      0%         N/A       100%        4
 Sticky Flame             Fire/Alch      0%         2d4       100%        4
 Summon Blazeheart Golem  Fire/Summ      0%         N/A       100%        4
 Summon Lightning Spire   Summ/Air       0%         N/A       100%        4
 Vhi's Electric Charge    Tloc/Air       0%         N/A       100%        4
 Alistair's Intoxication  Alch           0%         N/A       100%        5
 Arcjolt                  Conj/Air       0%         1d10      100%        5
 Curse of Agony           Necr           0%         N/A       100%        5
 Irradiate                Conj/Alch      0%         3d11      100%        5
 Iskenderun's Battlesphe  Conj           0%         2d6       100%        5
 Metabolic Englaciation   Hex/Ice        0%         N/A       100%        5
 Silence                  Hex/Air        0%         N/A       100%        5
 Summon Forest            Summ/Tloc      0%         N/A       100%        5
 Yara's Violent Unravell  Hex/Alch       0%         3d3       100%        5
 Bombard                  Conj/Erth      0%         9d1       100%        6
 Eringya's Noxious Bog    Alch           0%         4d6       100%        6
 Plasma Beam              Fire/Air       0%         2x1d10    100%        6
 Sculpt Simulacrum        Ice/Alch       0%         N/A       100%        6
 Starburst                Conj/Fire      0%         6d3       100%        6
 Summon Cactus Giant      Summ           0%         N/A       100%        6
 Enfeeble                 Hex            0%         N/A       100%        7
 Orb of Destruction       Conj           0%         9d5       100%        7
 Ozocubu's Refrigeration  Ice            0%         4d7       100%        7
 Spellforged Servitor     Conj/Summ      0%         N/A       100%        7
 Summon Hydra             Summ           0%         N/A       100%        7
 Ignition                 Fire           0%         3d3       100%        8
 Lehudib's Crystal Spear  Conj/Erth      0%         10d2      100%        8
 Maxwell's Capacitive Co  Air            0%         ∞         100%        8
 Chain Lightning          Conj/Air       0%         N/A       100%        9
 Fire Storm               Conj/Fire      0%         5d1       100%        9
 Polar Vortex             Ice            0%         N/A       100%        9
 Shatter                  Erth           0%         3d5*      100%        9


Dungeon Overview and Level Annotations

Branches:
Dungeon (15/15)            Temple (1/1) D:4            Lair (5/5) D:9
  Swamp (4/4) Lair:2       Spider (4/4) Lair:2        Slime (5/5) Lair:5
    Orc (2/2) D:12            Elf (3/3) Orc:2        Vaults (5/5) D:13
  Crypt (0/3) Vaults:2     Depths (4/4) D:15            Zot (5/5) Depths:4
 Bailey (visited)           IceCv (visited)

Altars:
Ashenzari
Cheibriados
Dithmenos
Elyvilon
Fedhas
Gozag
Hepliaklqana
Kikubaaqudgha
Makhleb
Nemelex Xobeh
Okawaru
Qazlal
Ru
Sif Muna
Trog
Uskayaw
Vehumet
Wu Jian
Xom
Yredelemnul
Zin
The Shining One
Jiyva

Shops:
D:8 [   D:9 *   Orc:2 ([::   Elf:1 !   Elf:2 ?   Elf:3 [   Vaults:1 !
Vaults:5 ?!??*   Depths:2 **(

Portals:
Hell: Depths:2 Depths:3 Depths:4
Abyss: Depths:1 Depths:3
Pandemonium: Depths:1 Depths:2
Ziggurat: Depths:2

Annotations:
D:7 2 runed translucent doors
Temple 2 transporters
Swamp:4 2 transporters, Keoguots's ghost, adept GnSk
Depths:1 exclusions: 2 hellions, orange crystal statue and 4 more exclusions
Zot:5 exclusion: obsidian statue


Innate Abilities, Weirdness & Mutations

((You are very nimble when in or above water. (Stealth+, EV+, Speed+++)))
Your lower body shifts to a powerful aquatic tail in water.
You have a beak for a mouth.
You are partially covered in iridescent scales. (AC +2)
You possess an exceptional clarity of mind.
Your mind is acute. (Int +4, Str/Dex -1)
Your magical capacity is low. (-10% MP)


Message History

You barely miss the rakshasa.
You peck the rakshasa, but do no damage.
You slice the rakshasa!!
The rakshasa convulses!!!
You kill the rakshasa!
The Shining One accepts your kill.
You feel better.
No target in view!
No target in view!
What level of the Dungeon? (default 1, ? - help)
There is an open door here.
A shadow demon comes into view.
You carve the shadow demon like a ham!!!
You kill the shadow demon!
The Shining One accepts your kill.
No target in view!
No target in view!
What level of the Dungeon? (default 1, ? - help)
There is a stone staircase leading up here.
You climb upwards.
There is a stone staircase leading down here.
You see here a +0 falchion.
There is an open door here.
There is a stone staircase leading up here.
You climb upwards.
There is a stone staircase leading down here.
There is a stone staircase leading up here.
You climb upwards.
There is a stone staircase leading down here.
There is a stone staircase leading up here.
You climb upwards.
There is a stone staircase leading down here.
There is a stone staircase leading up here.
You climb upwards.
There is a stone staircase leading down here.
What level of the Dungeon? (default 1, ? - help) You're already here!
You open the door.
There is an open door here.
There is a staircase leading out of the dungeon here.
You have escaped!

....#####.#######........###...##
.......##.####.....######..#.#...
)...##....#....#'#......+.##.#...
..#######...####.####..##.#.##...
#.# #.###..#.#..##....##.#### ..#
#.##.#.#.#.#.#...>###.# .##
#.##..#...#..#.#..##_## ##
##.####.....####.#.#.## #
#..+.....@.....'...##.##
#.#####.....####...###.#
#######.###..#...#..#....##.###
#....#...)#.#.#.#.#.#....##.#.#
#....#....##..#.#..##.#..#..#.#
#....#....#####.#####....#.##.#
#....##.#.....#'# ##.#.....#.#
##....##.#.#.#.#.# #....#####.#
#..[..+..#...#...# ##..........##


There were no monsters in sight!

Vanquished Creatures
  the Royal Jelly (Slime:5)
  Dissolution (Slime:4)
  2 dread liches
  6 orbs of fire
  Tiamat (Zot:3)
  An ancient lich (Depths:4)
  A pandemonium lord (D:14)
  Mara (Vaults:2)
  Xtahua (Vaults:2)
  Sojobo (Vaults:5)
  5 Killer Klowns
  A curse toe (Zot:5)
  Nikola (Depths:1)
  12 golden dragons
  Arachne (Spider:3)
  2 doom hounds (Depths:4)
  5 electric golems
  Jorgrun (Elf:2)
  18 tentacled monstrosities
  7 liches
  A Hell Sentinel (Depths:2)
  4 deep elf blademasters
  28 Orb Guardians
  14 quicksilver dragons
  12 titans
  Grunn (Depths:4)
  2 deep elf master archers (Elf:3)
  20 death cobs
  4 sphinxes
  13 acid blobs
  A tentacled starspawn (Abyss:3)
  9 shadow dragons
  7 tengu reavers
  The ghost of browni3141 the Grappler, an adept TrEn of Cheibriados (Spider:2)
  6 protean progenitors
  Donald (Swamp:1)
  8 rockslimes
  A thorn hunter (Swamp:4)
  5 draconian monks
  11 storm dragons
  4 azure jellies
  8 frost giants
  A fenstrider witch (Depths:3)
  A daeva (D:15)
  6 fire giants
  7 draconian knights
  3 draconian shifters
  2 iron dragons
  13 deep elf sorcerers
  7 draconian scorchers
  6 emperor scorpions
  4 ghouls (Swamp:2)
  A balrug (D:6)
  15 vault wardens
  A spriggan defender (Depths:4)
  28 ironbound preservers
  2 angels (Vaults:4)
  A caustic shrike skeleton (Depths:4)
  7 ghost moths
  8 deep elf elementalists (Elf:3)
  A reaper (Depths:2)
  6 draconian annihilators
  7 broodmothers
  4 formless jellyfish (Slime:1)
  12 stone giants
  The ghost of Onucvo the Cleaver, a journeyman FoFi of Okawaru (D:14)
  10 quicksilver oozes
  5 ironbound thunderhulks
  9 very ugly things
  7 deep elf demonologists
  8 vampire knights
  A lorocyproca (Abyss:3)
  7 deep elf annihilators
  9 green draconians
  10 red draconians
  3 eleionomae
  11 white draconians
  8 deep elf death magi
  6 dire elephants
  A spark wasp (Depths:4)
  2 war gargoyles (Vaults:5)
  14 black draconians
  10 yellow draconians
  2 bunyips (Swamp:1)
  7 purple draconians
  An eidolon (Vaults:2)
  13 ettins
  3 green deaths
  Josephine (D:15)
  5 fire dragons
  3 jiangshi
  18 yaktaur captains
  6 deep elf high priests
  16 great orbs of eyes
  2 shambling mangroves (Swamp:4)
  6 entropy weavers
  10 rakshasas
  3 salamander tyrants (Depths:3)
  24 hydras
  34 vault guards
  A spriggan skeleton (Depths:1)
  An anaconda (shapeshifter) (Vaults:5)
  8 ice dragons
  7 ironbound frosthearts
  A spriggan air mage (Depths:3)
  5 jorogumos
  Erica (Lair:2)
  6 radroaches
  A merfolk avatar (Lair:5)
  13 centaur warriors
  2 death knights
  6 boulder beetles
  25 dancing weapons
  7 two-headed ogres
  6 alligators
  2 merfolk aquamancers (Depths:3)
  A sphinx skeleton (Depths:1)
  A torpor snail (shapeshifter) (Depths:4)
  4 deep troll shamans
  7 deep troll earth magi
  A hell hog (Abyss:3)
  4 death yaks
  7 demonic crawlers
  6 orc high priests
  6 tengu warriors
  2 vampire magi
  A thrashing horror (Abyss:3)
  9 sun demons
  4 occultists
  6 spriggan berserkers
  2 shock serpents (shapeshifter)
  17 deep elf knights
  6 soul eaters
  4 iron trolls
  14 hell knights
  3 wretched stars (Abyss:3)
  Sonja (Orc:1)
  4 skysharks
  A shadow wraith (Abyss:3)
  2 spark wasp zombies
  2 goliath frogs
  A sixfirhy (Abyss:3)
  7 orb spiders
  A death drake (Abyss:3)
  5 glowing orange brains
  8 pharaoh ants
  6 spriggan druids
  74 deep trolls
  2 sun moths
  7 swamp dragons
  A sea snake (Lair:5)
  7 arcanists
  2 deep trolls (shapeshifter)
  12 deep elf archers
  6 lindwurms
  2 flayed ghosts
  A shadow demon (D:6)
  12 ironbound convokers
  13 steelbarb worms
  5 starcursed masses (Abyss:3)
  11 necromancers
  2 orb spiders (shapeshifter)
  8 bog bodies
  4 phantasmal warriors
  A lindwurm (shapeshifter) (Depths:1)
  2 harpies (Lair:5)
  35 deep elf pyromancers
  10 orc knights
  8 orc sorcerers
  29 deep elf zephyrmancers
  36 wolf spiders
  7 manticores
  34 ugly things
  6 shining eyes
  2 oklob plants
  5 elephants
  A wolf spider (shapeshifter) (Depths:4)
  5 cyclopes
  A will-o-the-wisp (Swamp:1)
  43 moths of wrath
  A cyclops (shapeshifter) (Depths:4)
  A faun (shapeshifter) (Depths:2)
  A salamander (Depths:3)
  3 meliai (D:15)
  3 large abominations (Abyss:3)
  5 black mambas
  A moth of wrath (shapeshifter) (D:15)
  A worldbinder (Abyss:3)
  2 kobold blastminers (Orc:2)
  19 vault sentinels
  2 rust devils
  3 guardian serpents
  3 smoke demons
  An eye of devastation (Slime:5)
  7 cane toads
  2 ice statues (IceCv)
  A kobold demonologist (D:11)
  12 torpor snails
  5 unseen horrors
  9 komodo dragons
  7 ice devils
  3 rime drakes
  3 tengu conjurers
  2 dryads (Depths:3)
  43 yaktaurs
  5 freezing wraiths
  A silent spectre (Abyss:3)
  4 anaconda simulacra (IceCv)
  An ancient zyme (Abyss:3)
  14 hornets
  A merfolk (Depths:3)
  11 trolls
  A wolf spider simulacrum (D:13)
  3 bloated husks
  16 tarantellas
  2 wind drakes (Lair:5)
  8 tyrant leeches
  5 polar bears
  A raiju (Abyss:3)
  15 blink frogs
  A glass eye (Slime:5)
  29 jumping spiders
  A jumping spider (shapeshifter) (Vaults:5)
  20 culicivoras
  3 wyverns
  4 centaur simulacra (D:13)
  9 wraiths
  77 slime creatures
  13 spriggans
  9 water elementals
  A shadow (D:12)
  4 small abominations
  3 ynoxinuls
  A fire bat (shapeshifter) (D:12)
  A vampire (D:12)
  2 fire elementals
  18 humans
  18 yaks
  4 wargs
  2 steam dragons
  57 redbacks
  6 basilisks
  A neqoxec (Abyss:3)
  3 chaos spawn (Abyss:3)
  A swamp worm (shapeshifter) (Vaults:2)
  9 vampire mosquitoes
  11 swamp worms
  An acid dragon (D:9)
  5 harpy simulacra
  13 water moccasins
  2 hydra simulacra (IceCv)
  Duvessa (D:6)
  A meliai simulacrum (D:13)
  5 black bears
  36 orc warriors
  7 ice beasts
  A laughing skull (Vaults:2)
  8 swamp drakes
  24 wolves
  A wolf (shapeshifter) (D:14)
  7 boggarts
  3 ogres
  13 centaurs
  A phantom (D:6)
  5 kobold brigands
  12 bullfrogs
  3 gnoll sergeants
  A necrophage (Swamp:2)
  7 scorpions
  2 earth elementals
  4 cane toad simulacra (IceCv)
  4 wights (D:10)
  Dowan (D:6)
  16 killer bees
  8 electric eels
  2 howler monkeys (D:12)
  2 lava snakes (Lair:2)
  A quasit (Abyss:3)
  7 jellies
  4 hounds
  4 bombardier beetles
  18 orc priests
  A gnoll bouda (D:7)
  An iron imp (Abyss:3)
  3 iguanas
  31 orc wizards
  12 hell rats
  9 adders
  14 gnolls
  2 naga simulacra
  A shadow imp (D:6)
  6 white imps
  3 ufetubi
  A ribbon worm (D:2)
  95 orcs
  10 bats
  2 endoplasms
  2 giant cockroaches (D:1)
  11 goblins
  5 hobgoblins
  4 jackals (D:1)
  6 quokkas
  4 ball pythons
  3 frilled lizards
  6 kobolds
  6 rats
  An aspiring flesh (Zot:2)
  A starspawn tentacle (Abyss:3)
2284 creatures vanquished.

Vanquished Creatures (collateral kills)
  Mennas (Depths:3)
  Bai Suzhen (Depths:1)
  Saint Roka (Vaults:4)
  A golden dragon (Zot:3)
  Mlioglotl (Swamp:4)
  2 titans (Vaults:5)
  3 acid blobs
  A shadow dragon (Vaults:5)
  2 rockslimes (Slime:5)
  An azure jelly (Slime:5)
  2 fenstrider witches
  A vault warden (Vaults:1)
  A ghost moth (Zot:3)
  A draconian stormcaller (Zot:3)
  2 ironbound preservers (Vaults:1)
  A quicksilver ooze (Slime:5)
  A dire elephant (Lair:5)
  2 hydras (Swamp:4)
  An alligator (Swamp:4)
  A centaur warrior (Vaults:1)
  A glowing orange brain (shapeshifter) (Vaults:5)
  2 deep trolls (Vaults:1)
  A swamp dragon (Swamp:4)
  2 orc knights
  3 vault sentinels
  A cane toad (D:9)
  A dryad (Depths:3)
  A hornet (Swamp:4)
  3 slime creatures
  A spriggan (Swamp:4)
  A golden eye (Slime:5)
44 creatures vanquished.

Vanquished Creatures (others)
  An alligator (Swamp:4)
  A deep troll (Depths:1)
  An orb spider (Spider:2)
  A deep elf pyromancer (Elf:3)
  3 bloated husks
  A swamp worm (Swamp:4)
  An orc wizard (D:10)
  8 foxfires (Swamp:1)
  A lurking horror (Abyss:3)
  6 starspawn tentacles (Abyss:3)
24 creatures vanquished.

Grand Total: 2352 creatures vanquished

Notes
Turn   | Place    | Note
-------+----------+-------------------------------------------
     0 | D:1      | sasquatch the Merfolk Gladiator began the quest for the
                  | Orb.
     0 | D:1      | Reached XP level 1. HP: 16/16 MP: 1/1
   131 | D:1      | Reached XP level 2. HP: 23/23 MP: 2/2
   161 | D:1      | Found a faded altar of an unknown god.
   313 | D:1      | Reached XP level 3. HP: 6/28 MP: 3/3
  1080 | D:2      | Reached skill level 3 in Fighting
  1230 | D:2      | Reached XP level 4. HP: 35/35 MP: 4/4
  1415 | D:2      | Reached skill level 5 in Long Blades
  1741 | D:3      | Reached skill level 5 in Dodging
  1741 | D:3      | Reached XP level 5. HP: 41/41 MP: 5/5
  2639 | D:4      | Reached XP level 6. HP: 48/48 MP: 6/6
  2743 | D:4      | Reached skill level 4 in Fighting
  2896 | D:4      | Found a staircase to the Ecumenical Temple.
  2907 | Temple   | Found a transporter.
  2907 | Temple   | Found a transporter.
  2907 | Temple   | Found a transporter.
  2907 | Temple   | Found a transporter.
  2907 | Temple   | Entered the Ecumenical Temple
  2922 | Temple   | Became a worshipper of the Shining One
  3082 | D:4      | Found a blossoming altar of Fedhas.
  3083 | D:4      | Found a broken altar of Ashenzari.
  3322 | D:5      | Entered Level 5 of the Dungeon
  3463 | D:5      | Reached XP level 7. HP: 34/55 MP: 7/7
  3926 | D:5      | Reached skill level 5 in Fighting
  4298 | D:6      | Reached XP level 8. HP: 38/62 MP: 8/8
  5140 | D:6      | Reached skill level 6 in Fighting
  5221 | D:6      | Found a snail-covered altar of Cheibriados.
  5264 | D:6      | Noticed Duvessa
  5264 | D:6      | Noticed Dowan
  5287 | D:6      | Killed Duvessa
  5291 | D:6      | Killed Dowan
  5761 | D:7      | Reached skill level 10 in Long Blades
  5944 | D:7      | Reached XP level 9. HP: 56/71 MP: 9/9
  6097 | D:7      | Found a large runed translucent door.
  6099 | D:7      | Found a large runed translucent door.
  6100 | D:7      | Found a large runed translucent door.
  6100 | D:7      | Found a large runed translucent door.
  6405 | D:7      | Noticed a troll
  6408 | D:7      | Reached skill level 7 in Fighting
  6415 | D:7      | Killed a troll
  6584 | D:7      | Noticed a hornet
  6584 | D:7      | Reached * piety under the Shining One
  6588 | D:7      | Killed a hornet
  6604 | D:7      | Noticed a troll
  6612 | D:7      | Killed a troll
  6725 | D:7      | Noticed an unseen horror
  6758 | D:7      | Killed an unseen horror
  6759 | D:7      | Reached skill level 8 in Fighting
  6759 | D:7      | Reached skill level 10 in Dodging
  6759 | D:7      | Reached XP level 10. HP: 26/80 MP: 10/10
  7201 | D:8      | Noticed a cyclops
  7205 | D:8      | Noticed a two-headed ogre
  7340 | D:8      | Found a sparkling altar of Nemelex Xobeh.
  7466 | D:8      | Killed a two-headed ogre
  7516 | D:8      | Killed a cyclops
  7517 | D:8      | Reached skill level 9 in Fighting
  7518 | D:8      | Found Lejarr's Antique Armour Emporium.
  7525 | D:8      | Bought a slimy hat for 243 gold pieces
  7525 | D:8      | Identified the +0 hat of Mezcal {rC+ Str+2 Int-4} (You
                  | bought it in a shop on level 8 of the Dungeon)
  7571 | D:8      | Found a white marble altar of Elyvilon.
  7993 | D:9      | Found a staircase to the Lair.
  8038 | D:9      | Noticed a two-headed ogre
  8066 | D:9      | Killed a two-headed ogre
  8067 | D:9      | Reached skill level 10 in Fighting
  8067 | D:9      | Reached skill level 1 in Shields
  8071 | D:9      | Reached XP level 11. HP: 85/90 MP: 11/11
  8160 | D:9      | Found Dekois's General Store.
  8338 | D:9      | Bought a potion of curing for 36 gold pieces
  8609 | D:9      | Paralysed by a hornet for 2 turns
  9208 | D:10     | Entered Level 10 of the Dungeon
  9209 | D:10     | Noticed a two-headed ogre
  9356 | D:10     | Found a flagged portal.
  9380 | Bailey   | Entered a bailey
  9917 | Bailey   | Noticed an orc knight
 10009 | Bailey   | Killed an orc knight
 10010 | Bailey   | Reached skill level 15 in Long Blades
 10365 | D:10     | Noticed a two-headed ogre
 10372 | D:10     | Killed a two-headed ogre
 10373 | D:10     | Reached skill level 5 in Shields
 10800 | D:10     | Killed a two-headed ogre
 11154 | Lair:1   | Entered Level 1 of the Lair of Beasts
 11569 | D:11     | Reached ** piety under the Shining One
 12592 | D:12     | Noticed a cyclops
 12622 | D:12     | Noticed a two-headed ogre
 12643 | D:12     | Killed a two-headed ogre
 12666 | D:12     | Reached XP level 12. HP: 40/97 MP: 12/12
 12723 | D:12     | Found a frozen archway.
 12999 | IceCv    | Entered an ice cave
 13254 | IceCv    | Reached *** piety under the Shining One
 14208 | IceCv    | Reached skill level 1 in Invocations
 14208 | IceCv    | Reached skill level 1 in Evocations
 15046 | IceCv    | Reached **** piety under the Shining One
 15445 | D:12     | Noticed a boulder beetle
 15460 | D:12     | Killed a boulder beetle
 15461 | D:12     | Reached skill level 10 in Shields
 15730 | D:12     | Noticed a two-headed ogre
 15755 | D:12     | Killed a two-headed ogre
 15800 | D:12     | Reached skill level 5 in Invocations
 16010 | D:12     | Reached skill level 5 in Evocations
 16638 | D:12     | Reached XP level 13. HP: 67/103 MP: 17/17
 16946 | D:12     | Found a staircase to the Orcish Mines.
 18314 | Lair:1   | Identified the +0 leather armour of Fowerres {Rampage rPois
                  | Will+ Int-3}
 19204 | Lair:2   | Reached skill level 1 in Armour
 19278 | Lair:2   | Was placed under penance by the Shining One
 19720 | Lair:2   | Found a hole to the Spider Nest.
 21380 | Lair:2   | Noticed Erica
 21696 | Lair:2   | Found a staircase to the Swamp.
 21876 | Lair:2   | Killed Erica
 23066 | Lair:2   | Was forgiven by the Shining One
 23837 | Lair:3   | Reached skill level 5 in Armour
 24839 | Lair:4   | Reached XP level 14. HP: 104/110 MP: 21/21
 24895 | Lair:4   | Reached skill level 10 in Invocations
 25755 | Lair:5   | Entered Level 5 of the Lair of Beasts
 26102 | Lair:5   | Noticed a dire elephant
 26593 | Lair:5   | HP: 3/110 [komodo dragon (27)]
 27231 | Lair:5   | Killed a dire elephant
 28075 | Lair:5   | Identified the +1 spear of Beogh's Esteem {protect, Will-
                  | Dex+4}
 28149 | Lair:5   | Identified the +3 kite shield "Puxodaec" {Harm Will- rCorr}
 28368 | Lair:5   | Found a viscous altar of Jiyva.
 28382 | Lair:5   | Found a staircase to the Slime Pits.
 28944 | Orc:1    | Entered Level 1 of the Orcish Mines
 28948 | Orc:1    | Noticed Sonja
 28965 | Orc:1    | Killed Sonja
 28966 | Orc:1    | Reached skill level 10 in Armour
 29577 | Orc:2    | Entered Level 2 of the Orcish Mines
 29716 | Orc:2    | Found Ynwuosuk's Book Shop.
 30359 | Orc:2    | Found a staircase to the Elven Halls.
 30622 | Orc:2    | Reached XP level 15. HP: 95/117 MP: 24/24
 30667 | Orc:2    | Reached skill level 11 in Fighting
 31282 | Orc:2    | Found Ugiy's Book Shoppe.
 31289 | Orc:2    | Found Enijaniumei's Antique Armour Shoppe.
 31291 | Orc:2    | Found Ysimophe's Antique Weapon Shop.
 31869 | D:13     | Reached ***** piety under the Shining One
 32125 | D:13     | Reached skill level 12 in Fighting
 32637 | D:13     | You fall into a shaft and drop 2 floors!
 32637 | D:15     | Entered Level 15 of the Dungeon
 32945 | D:13     | Found a gate to the Vaults.
 33342 | Swamp:1  | Entered Level 1 of the Swamp
 33676 | Swamp:1  | Reached skill level 13 in Fighting
 33889 | Swamp:1  | Noticed Donald
 33912 | Swamp:1  | Killed Donald
 34682 | Swamp:2  | Noticed a ghoul
 34705 | Swamp:2  | Killed a ghoul
 34708 | Swamp:2  | Noticed a ghoul
 34725 | Swamp:2  | Killed a ghoul
 34729 | Swamp:2  | Noticed a ghoul
 34755 | Swamp:2  | Killed a ghoul
 34785 | Swamp:2  | Noticed a ghoul
 34807 | Swamp:2  | Killed a ghoul
 34836 | Swamp:2  | Noticed a fenstrider witch
 35025 | Swamp:2  | Reached XP level 16. HP: 131/131 MP: 25/25
 35039 | Swamp:2  | Identified the +6 mace of Extermination {holy, ^Drain rC+
                  | Str+3 Dex+2}
 35106 | Swamp:2  | Paralysed by a fenstrider witch for 3 turns
 35113 | Swamp:2  | Killed a fenstrider witch
 35717 | Swamp:3  | Reached skill level 14 in Fighting
 35929 | Swamp:3  | Identified a scroll of acquirement
 35929 | Swamp:3  | Acquired a manual of Translocations
 36216 | Swamp:4  | Entered Level 4 of the Swamp
 36216 | Swamp:4  | Noticed a fenstrider witch
 36266 | Swamp:4  | Found a transporter.
 36282 | Swamp:4  | Killed a fenstrider witch
 36431 | Swamp:4  | Noticed Keoguots's ghost (adept GnSk)
 36432 | Swamp:4  | Found a bloodstained altar of Trog.
 36452 | Swamp:4  | Found a transporter.
 36667 | Swamp:4  | Noticed Mlioglotl
 36777 | Swamp:4  | Killed Mlioglotl
 37620 | Swamp:4  | Noticed a thorn hunter
 37638 | Swamp:4  | Killed a thorn hunter
 37639 | Swamp:4  | Reached XP level 17. HP: 84/139 MP: 26/26
 37693 | Swamp:4  | Got a decaying rune of Zot
 38045 | Spider:1 | Entered Level 1 of the Spider Nest
 38931 | Spider:1 | HP: 5/139 [demonic crawler (4)]
 39967 | Spider:2 | Found a runed translucent gate.
 39968 | Spider:2 | Found a runed translucent gate.
 39969 | Spider:2 | Found a runed translucent gate.
 39969 | Spider:2 | Noticed browni3141's ghost (adept TrEn)
 39993 | Spider:2 | Reached skill level 15 in Fighting
 40007 | Spider:2 | Killed browni3141's ghost
 40051 | Spider:2 | Identified the +2 cloak "Xined" {Will+}
 40168 | Spider:3 | Noticed Arachne
 40561 | Spider:3 | Killed Arachne
 40789 | Spider:3 | Reached XP level 18. HP: 151/151 MP: 27/27
 41405 | Spider:4 | Entered Level 4 of the Spider Nest
 42164 | Spider:4 | Reached skill level 16 in Fighting
 43293 | Spider:4 | The Shining One protects you from harm!
 43301 | Spider:4 | Gained mutation: Your magical capacity is low. (-10% MP)
                  | [mutagenic glow]
 43419 | Spider:4 | Identified the scarf "Jaimez" {harm, rF- rN+ Int+6}
 43422 | Spider:4 | Got a gossamer rune of Zot
 43949 | D:14     | Found a runed translucent door.
 43949 | D:14     | Noticed Onucvo's ghost (journeyman FoFi)
 43952 | D:14     | Identified the +0 spear "Ygyg Xofo" {elec, rPois rC+
                  | Stlth+}
 44838 | D:15     | Reached skill level 15 in Shields
 44875 | D:15     | Found a staircase to the Depths.
 44939 | D:15     | Noticed Josephine
 44954 | D:15     | Killed Josephine
 44958 | D:15     | Reached skill level 17 in Fighting
 45077 | D:15     | Found an ornate altar of the Wu Jian Council.
 45522 | Vaults:1 | Entered Level 1 of the Vaults
 45608 | Vaults:1 | Reached XP level 19. HP: 124/161 MP: 11/26
 46449 | Vaults:1 | Reached skill level 18 in Fighting
 47127 | Vaults:1 | Reached skill level 15 in Invocations
 47293 | Vaults:1 | Found Jaaweor's Distillery.
 47302 | Vaults:1 | Bought a potion of curing for 33 gold pieces
 47302 | Vaults:1 | Bought a potion of curing for 33 gold pieces
 47302 | Vaults:1 | Bought a potion of might for 44 gold pieces
 47302 | Vaults:1 | Bought a potion of heal wounds for 55 gold pieces
 47302 | Vaults:1 | Bought a potion of haste for 110 gold pieces
 47698 | D:8      | Bought pitted storm dragon scales for 2295 gold pieces
 47698 | D:8      | Identified the +4 storm dragon scales "Ycock" {Harm rElec
                  | rC- Will+++ Regen+} (You bought it in a shop on level 8 of
                  | the Dungeon)
 48477 | Vaults:2 | Found a staircase to the Crypt.
 48783 | Vaults:2 | Reached XP level 20. HP: 170/170 MP: 28/28
 48810 | Vaults:2 | Noticed Mara
 48818 | Vaults:2 | Noticed sasquatch's illusion
 48823 | Vaults:2 | Noticed sasquatch's illusion
 48823 | Vaults:2 | Killed Mara
 49003 | Vaults:2 | Noticed Xtahua
 49421 | Vaults:2 | Killed Xtahua
 51593 | Vaults:4 | HP: 6/170 [deep troll[an ironbound preserver] (5)]
 51874 | Vaults:4 | Noticed Saint Roka
 51886 | Vaults:4 | Killed Saint Roka
 51897 | Vaults:4 | Reached XP level 21. HP: 31/177 MP: 9/29
 52257 | Elf:1    | Entered Level 1 of the Elven Halls
 52565 | Elf:1    | Found Xasiol's Distillery.
 52573 | Elf:1    | Bought a potion of heal wounds for 60 gold pieces
 52573 | Elf:1    | Bought a potion of curing for 36 gold pieces
 52573 | Elf:1    | Bought a potion of curing for 36 gold pieces
 52573 | Elf:1    | Bought a potion of haste for 120 gold pieces
 52573 | Elf:1    | Bought a potion of haste for 120 gold pieces
 52573 | Elf:1    | Bought a potion of curing for 36 gold pieces
 53031 | Elf:1    | Identified the death talisman of Poetwidu {*Slow Dex+7}
 53585 | D:14     | Killed Onucvo's ghost
 53802 | Elf:2    | Reached skill level 15 in Dodging
 53955 | Elf:2    | Noticed Jorgrun
 53964 | Elf:2    | Killed Jorgrun
 54265 | Elf:2    | Found a huge runed translucent gate.
 54267 | Elf:2    | Found a huge runed translucent gate.
 54267 | Elf:2    | Found a huge runed translucent gate.
 54269 | Elf:2    | Found a huge runed translucent gate.
 54269 | Elf:2    | Found a huge runed translucent gate.
 54528 | Elf:2    | Found Ichihog's Magic Scroll Emporium.
 54536 | Elf:2    | Bought 2 scrolls of teleportation for 66 gold pieces
 54536 | Elf:2    | Bought a scroll of blinking for 82 gold pieces
 55350 | Elf:3    | Entered Level 3 of the Elven Halls
 55468 | Elf:3    | Found Kigit's Armour Shop.
 56172 | Elf:3    | Reached skill level 15 in Armour
 56250 | Elf:3    | Reached XP level 22. HP: 184/184 MP: 30/30
 56592 | Elf:3    | Identified the +0 leather armour of Gaf Catz {rF++}
 56643 | Elf:3    | Identified the +3 chain mail of Reuroeq {Str+4}
 56645 | Elf:3    | Identified the +5 battleaxe "Xomagib" {drain, rElec}
 56651 | Elf:3    | Identified the +1 long sword of the Feeding Weasel {speed,
                  | rF+ Str+7 Int+3}
 56745 | Elf:3    | Identified the staff of the Goat {+Blink rElec rC- rCorr
                  | Int-5 Air}
 56795 | Elf:3    | Identified the +10 rapier of the Everdark {venom, rElec
                  | Str+4}
 56805 | Elf:3    | Identified the staff of Big Damage {rF+ rC+ Fire}
 56815 | Elf:3    | Identified the +2 ring mail "Teajust" {rElec Str+7 Stlth-}
 56950 | Elf:3    | Acquired a +2 double sword of holy wrath
 57441 | Vaults:4 | Found a white marble altar of Elyvilon.
 57441 | Vaults:4 | Found a glowing silver altar of Zin.
 57505 | Vaults:4 | Found a glowing golden altar of the Shining One.
 58464 | Depths:1 | Entered Level 1 of the Depths
 58567 | Depths:1 | Found a one-way gate leading to the halls of Pandemonium.
 58592 | Depths:1 | Found a one-way gate to the infinite horrors of the Abyss.
 58606 | Depths:1 | Reached skill level 19 in Fighting
 58649 | Depths:1 | Reached ****** piety under the Shining One
 58661 | Depths:1 | Noticed Bai Suzhen
 58663 | Depths:1 | Identified a +6 eudemon blade of holy wrath (a +4 demon
                  | blade of pain blessed by the Shining One)
 58663 | Depths:1 | Received a gift from the Shining One
 58673 | Depths:1 | Killed Bai Suzhen
 59078 | Depths:1 | Reached skill level 20 in Fighting
 59089 | Depths:1 | Noticed Nikola
 59107 | Depths:1 | Killed Nikola
 59152 | Depths:1 | Reached XP level 23. HP: 196/196 MP: 31/31
 59633 | Depths:1 | Voluntarily entered the Abyss.
 59651 | Abyss:2  | Found a corrupted altar of Lugonu.
 59731 | Abyss:3  | Found a corrupted altar of Lugonu.
 59732 | Abyss:3  | Found a corrupted altar of Lugonu.
 59755 | Abyss:3  | Found a corrupted altar of Lugonu.
 60147 | Abyss:3  | Reached skill level 21 in Fighting
 60157 | Abyss:3  | Got an abyssal rune of Zot
 60175 | Depths:1 | Escaped the Abyss
 60440 | Depths:2 | Found Gozag's Assorted Antiques.
 60455 | Depths:2 | Noticed a golden dragon
 60456 | Depths:2 | Found an opulent altar of Gozag.
 60655 | Depths:2 | Found a gateway to Hell.
 60751 | Depths:2 | Found Gozag's Assorted Antiques.
 60768 | Depths:2 | Killed a golden dragon
 60842 | Depths:2 | Found Gozag's Antique Weapon Shop.
 61235 | Depths:2 | Reached skill level 22 in Fighting
 61281 | Depths:2 | Found a one-way gateway to a ziggurat.
 61670 | Depths:3 | Noticed Mennas
 61688 | Depths:3 | Killed Mennas
 61778 | Depths:3 | Identified the scarf of Repulsion {+Inv, rPois}
 62491 | Depths:4 | Entered Level 4 of the Depths
 62572 | Depths:4 | Noticed Grunn
 62597 | Depths:4 | Killed Grunn
 62609 | Depths:4 | Reached XP level 24. HP: 167/212 MP: 31/31
 62847 | Depths:4 | Reached skill level 23 in Fighting
 63095 | Depths:4 | Found a gate to the Realm of Zot.
 63286 | Depths:4 | Noticed an ancient lich
 63288 | Depths:4 | Identified the +10 hand cannon "Mannick" {heavy, Fly rPois
                  | Dex-5}
 63296 | Depths:4 | Killed an ancient lich
 63676 | Zot:1    | Entered Level 1 of the Realm of Zot
 63900 | Zot:1    | You fall into a shaft and drop 1 floor!
 64903 | Vaults:5 | Entered Level 5 of the Vaults
 64910 | Vaults:5 | Reached skill level 24 in Fighting
 64912 | Vaults:5 | Reached XP level 25. HP: 191/223 MP: 12/32
 65030 | Vaults:5 | Noticed Sojobo
 65388 | Vaults:5 | Noticed a dread lich
 65401 | Vaults:5 | Killed a dread lich
 65402 | Vaults:5 | Killed Sojobo
 65535 | Vaults:5 | Identified the amulet "Ceuze" {Faith *Corrode Int+6}
 65541 | Vaults:5 | Identified the +0 dagger of Firah {flame, rN+}
 65543 | Vaults:5 | Identified the +0 helmet "Zadesyem" {Str+2}
 65546 | Vaults:5 | Identified the amulet "Mogas" {RegenMP Dex+7}
 65550 | Vaults:5 | Got the Almanac of the Familiar
 65553 | Vaults:5 | Identified the ring of Uniquypo {Fire Int+4}
 65670 | Vaults:5 | Got a silver rune of Zot
 65695 | Vaults:5 | Acquired the +3 pair of gloves of Philately {rPois Int+4}
 65757 | Vaults:5 | Found Bofolon's Magic Scroll Boutique.
 65780 | Vaults:5 | Bought a scroll of blinking for 112 gold pieces
 65789 | Vaults:5 | Found Xicexkaq's Magic Scroll Shop.
 65789 | Vaults:5 | Found Haogem's Distillery.
 65794 | Vaults:5 | Bought a scroll of acquirement for 1144 gold pieces
 65794 | Vaults:5 | Acquired a manual of Evocations
 65803 | Vaults:5 | Bought 2 potions of heal wounds for 200 gold pieces
 65803 | Vaults:5 | Bought 2 potions of might for 160 gold pieces
 65810 | Vaults:5 | Found Puxoakk's Assorted Antiques.
 65810 | Vaults:5 | Found Peliqoju's Magic Scroll Shoppe.
 65815 | Vaults:5 | Bought a scroll of fog for 204 gold pieces
 65822 | Vaults:5 | Bought a scroll of teleportation for 45 gold pieces
 65907 | Vaults:5 | Identified the +2 orcbow "Zaofiumo" {flame, *Slow rPois
                  | rCorr}
 65984 | Vaults:5 | Found the +9 sword of Zonguldrok {reap}
 67089 | Zot:1    | Identified the +1 pair of boots of the Storm King {*Corrode
                  | rPois rF+ Regen+ Int+2}
 67125 | Zot:1    | Reached skill level 10 in Evocations
 67786 | Zot:1    | Reached XP level 26. HP: 193/231 MP: 18/33
 68648 | Zot:3    | Noticed a Killer Klown
 68733 | Zot:2    | Killed a Killer Klown
 68777 | Zot:3    | Noticed an orb of fire
 68865 | Zot:3    | Killed an orb of fire
 69063 | Zot:3    | Found the +4 dragonskin cloak
 69063 | Zot:3    | Noticed Tiamat
 69108 | Zot:3    | Reached skill level 15 in Evocations
 69178 | Zot:3    | Killed Tiamat
 70078 | Zot:4    | Found a stormy altar of Qazlal.
 71077 | Zot:4    | Reached XP level 27. HP: 234/238 MP: 33/33
 71117 | Zot:4    | Identified the +0 robe "Reacvuri" {Harm Int+4}
 71203 | Zot:5    | Entered Level 5 of the Realm of Zot
 72129 | Slime:1  | Entered Level 1 of the Pits of Slime
 72148 | Slime:1  | Gained mutation: Your magical capacity is very low. (-20%
                  | MP) [a shining eye]
 72149 | Slime:1  | Gained mutation: You are clumsy. (Dex -2) [a shining eye]
 72151 | Slime:1  | Gained mutation: Your magical capacity is extremely low.
                  | (-30% MP) [a shining eye]
 72152 | Slime:1  | Gained mutation: Your body sometimes deteriorates upon
                  | taking damage. [a shining eye]
 72170 | Slime:1  | Lost mutation: Your body sometimes deteriorates upon taking
                  | damage. [potion of mutation]
 72170 | Slime:1  | Lost mutation: You are clumsy. (Dex -2) [potion of
                  | mutation]
 72170 | Slime:1  | Lost mutation: Your magical capacity is extremely low.
                  | (-30% MP) [potion of mutation]
 72170 | Slime:1  | Gained mutation: Your flesh is heat resistant. (rF+)
                  | [potion of mutation]
 72170 | Slime:1  | Gained mutation: Your mind is acute. (Int +4, Str/Dex -1)
                  | [potion of mutation]
 72402 | Slime:4  | Noticed Dissolution
 72422 | Slime:4  | Killed Dissolution
 72581 | Slime:5  | Entered Level 5 of the Pits of Slime
 72760 | Slime:5  | Noticed the Royal Jelly
 72771 | Slime:5  | Killed the Royal Jelly
 72926 | Slime:5  | Identified the +5 hand axe "Newtbane" {vamp, Str+2}
 72929 | Slime:5  | Identified the +6 quarterstaff "Kaguimn" {freeze, Int+4}
 72954 | Slime:5  | Identified the +6 dagger "Orb Guardian's Foe" {flame,
                  | ^Contam +Blink Fly rPois}
 73000 | Slime:5  | Identified the +5 scale mail "Juucon" {rN+ Str+2 SInv}
 73017 | Slime:5  | Got a slimy rune of Zot
 73036 | Slime:5  | Identified the +8 dagger of Famine {flame, *Rage +Blink
                  | Str+8}
 73064 | Slime:5  | Gained mutation: You occasionally lose the ability to read
                  | scrolls when taking damage. [a shining eye]
 73070 | Slime:5  | Lost mutation: Your flesh is heat resistant. (rF+) [a
                  | shining eye]
 73910 | Zot:5    | Noticed a dread lich
 74071 | Zot:5    | HP: 5/240 [red draconian scorcher/damnation[a green
                  | draconian monk] (37)]
 74366 | Zot:5    | Reached skill level 25 in Fighting
 74489 | Zot:5    | Noticed an orb of fire
 74496 | Zot:5    | Gained mutation: You are clumsy. (Dex -2) [an orb of fire]
 74580 | Zot:4    | Lost mutation: You occasionally lose the ability to read
                  | scrolls when taking damage. [potion of mutation]
 74580 | Zot:4    | Lost mutation: You are clumsy. (Dex -2) [potion of
                  | mutation]
 74580 | Zot:4    | Gained mutation: You are clumsy. (Dex -2) [potion of
                  | mutation]
 74600 | Zot:5    | Killed an orb of fire
 74731 | Zot:5    | Noticed an orb of fire
 74737 | Zot:5    | Gained mutation: You occasionally shout uncontrollably at
                  | your foes. [an orb of fire]
 74739 | Zot:5    | Gained mutation: You have a pair of small antennae on your
                  | head. [an orb of fire]
 74745 | Zot:5    | Killed an orb of fire
 74833 | Zot:5    | Killed a dread lich
 74946 | Zot:5    | Noticed an orb of fire
 74958 | Zot:5    | Killed an orb of fire
 75163 | Zot:5    | Noticed an orb of fire
 75165 | Zot:5    | Reached skill level 26 in Fighting
 75333 | Zot:5    | Gained mutation: You occasionally lose the ability to read
                  | scrolls when taking damage. [an orb of fire]
 75335 | Zot:5    | Gained mutation: You occasionally lose the ability to drink
                  | potions when taking damage. [an orb of fire]
 75338 | Zot:5    | Killed an orb of fire
 75736 | Zot:5    | Noticed an orb of fire
 75750 | Zot:5    | Killed an orb of fire
 75999 | Zot:5    | Lost mutation: You are clumsy. (Dex -2) [potion of
                  | mutation]
 75999 | Zot:5    | Lost mutation: You occasionally shout uncontrollably at
                  | your foes. [potion of mutation]
 75999 | Zot:5    | Lost mutation: You have a pair of small antennae on your
                  | head. [potion of mutation]
 75999 | Zot:5    | Gained mutation: You possess an exceptional clarity of
                  | mind. [potion of mutation]
 75999 | Zot:5    | Gained mutation: You have a beak for a mouth. [potion of
                  | mutation]
 75999 | Zot:5    | Gained mutation: You are partially covered in iridescent
                  | scales. (AC +2) [potion of mutation]
 76000 | Zot:5    | Lost mutation: You occasionally lose the ability to drink
                  | potions when taking damage. [potion of mutation]
 76000 | Zot:5    | Lost mutation: You occasionally lose the ability to read
                  | scrolls when taking damage. [potion of mutation]
 76000 | Zot:5    | Lost mutation: Your magical capacity is very low. (-20% MP)
                  | [potion of mutation]
 76018 | Zot:5    | Got the Orb of Zot
 76295 | Depths:1 | Reached skill level 27 in Fighting
 76373 | D:14     | Noticed Xifruota the pandemonium lord
 76385 | D:14     | Killed Xifruota the pandemonium lord
 76664 | D:$      | Escaped with the Orb!

Illustrated notes

Levels and vault maps discovered:
D:1:      nzn_arrival_crosshair, layout_basic, chequers_ecumenical_altar_twisty,
          grunt_decor_mini_mirrors, minmay_misc_feat_more_columns
D:2:      layout_loops_corners
D:3:      layout_basic
D:4:      layout_basic, mainiacjoe_overflow_divided_tiny,
          minmay_temple_entry_arrows
D:5:      layout_basic
D:6:      layout_loops_corners, mainiacjoe_overflow_24_doors, uniq_duvessa
D:7:      layout_cave_pools, nicolae_sextant, minmay_hollow_rounded_squares
D:8:      layout_rooms, nicolae_elyvilon_temple_path, old_standard_altar,
          serial_shops, nicolae_diamond_shop
D:9:      cheibrodos_helix_gallery, layout_layer_cave, david_lair_shrubbed,
          serial_shops, nicolae_shop_window_shopping, st_stairs_13
D:10:     layout_irregular_city, enter_bailey_5, hangedman_decor_peaks_small
D:11:     layout_roguey
D:12:     layout_loops_ring, erik_orc_2, gauntlet_entry_generic,
          portal_ice_cave_demonic_guard
D:13:     layout_small_grid, grunt_vaults_entry_tiered, serial_ice,
          serial_ice_c, serial_ice_a, serial_ice_k, serial_ice_m, serial_ice_b,
          serial_ice_h, serial_ice_d, serial_ice_n, serial_ice_f, serial_ice_o
D:14:     layout_long_grid, ebering_ghost_funeral_grove
D:15:     gammafunk_enter_depths_forms, layout_cave_pods,
          nzn_wu_jian_contemplation, uniq_josephine
Temple:   hellmonk_temple_divided_pantheon
Lair:1:   layout_cave_pods, hangedman_lair_unloving_vines, nzn_random_ring
Lair:2:   layout_misc_corridors, swamp_mist, nicolae_spider_entry_tight_spaces,
          serial_forest, infiniplex_forest_end_3, infiniplex_forest_lined_4_way,
          infiniplex_forest_lined_room_, infiniplex_forest_lined_corner,
          infiniplex_forest_zigzag_2, nicolae_lair_liquid_snakes, uniq_erica
Lair:3:   layout_layer_cave
Lair:4:   layout_regular_city
Lair:5:   gammafunk_lair_ancient_temple, layout_regular_city,
          nicolae_slime_entry_field_trip, gammafunk_lair_bear_cave,
          lemuel_fruit_tree
Swamp:1:  layout_basic_swamp, nicolae_swamp_triple_paths,
          nicolae_swamp_decorative_isthmus, nicolae_swamp_long_stream,
          nicolae_swamp_tree_isthmus, uniq_donald
Swamp:2:  layout_basic_swamp, serial_swamp_ruin, evilmike_swamp_ruin_rubble_1,
          evilmike_swamp_ruin_house_6, evilmike_swamp_ruin_house_3
Swamp:3:  layout_basic_swamp, nicolae_swamp_little_tower,
          infiniplex_staircase_pool_2
Swamp:4:  swamp_basic_johnstein, layout_basic_swamp,
          gammafunk_ghost_wrathful_warriors, swamp_pool_5, uniq_mlioglotl
Spider:1: layout_spider_delve
Spider:2: layout_spider_delve, gammafunk_ghost_tricky_traps
Spider:3: layout_cave_pods, uniq_arachne
Spider:4: hellmonk_spider_rune_endless_swarm, nicolae_spider_twisty_arc_passages
Slime:1:  layout_caves
Slime:2:  layout_caves
Slime:3:  layout_caves
Slime:4:  layout_caves, uniq_dissolution
Slime:5:  slime_pit_nicolae_block_by_block
Orc:1:    layout_caves, abandoned_shop, uniq_sonja
Orc:2:    st_orc_elflike, layout_caves, lightli_orcish_oven
Elf:1:    nicolae_elf_arrival_fired_up, layout_loops_ring, serial_shops,
          nicolae_shop_peninsula, hangedman_corner_corridor
Elf:2:    elven_hall_of_blades_hangedman_alternative
          [nicolae_blade_entry_diamond_columns], layout_loops_corners,
          serial_shops, shop, statue_in_the_mist_lemuel,
          nicolae_elf_big_sculpture_3, uniq_jorgrun
Elf:3:    minmay_elf_hall_four_x, layout_gridlike, serial_shops,
          nicolae_shop_stone
Vaults:1: dpeg_vaults_monster_row, hangedman_vaults_hat,
          serial_library_hellmonk_big_corner, hangedman_vaults_snaps,
          nicolae_vaults_security_offices_5, nicolae_vaults_sesquioval_fish,
          nicolae_vaults_puzzle_piece, nicolae_vaults_stepped_doors,
          hangedman_vaults_impose, grunt_vaults_diagonal,
          vaults_room_ringed_pool, layout_vaults_omnicross, serial_shops,
          nicolae_shop_crystal
Vaults:2: nicolae_vaults_yaktaur_gun_rack, v_misc_29, st_spiral_rooms,
          minmay_crypt_entry_simple_statues, v_misc_17, nicolae_vaults_heist,
          nicolae_vaults_mitosis, layout_vaults_big_room, uniq_mara, uniq_xtahua
Vaults:3: v_misc_14, ontoclasm_vaults_bender, hangedman_vaults_restitches,
          hangedman_vaults_restitches, v_rooms_5,
          nicolae_vaults_trapezoid_lopsided_3, layout_vaults_quadrants
Vaults:4: portal_desolation_entry_holy_temple, nicolae_vaults_house_1,
          grunt_vaults_twisty, v_misc_2, nicolae_vaults_meiosis,
          ontoclasm_vaults_ring_square, vaults_room_door_ring, v_misc_4,
          hangedman_vaults_stitches, nicolae_vaults_network_star,
          vaults_dpeg_encased_lava, v_misc_23, v_misc_8, vaults_dpeg_hooks,
          nicolae_vaults_trapezoid_3, nicolae_vaults_trapezoid_lopsided_3,
          layout_vaults_omnibox, uniq_saint_roka
Vaults:5: serial_shops, uniq_sojobo
Depths:1: layout_twisted_cross, serial_bayou_pond_b, pan_entry, abyss_entry,
          hellmouth_3, horrible_house_mu, uniq_nikola, uniq_bai_suzhen
Depths:2: kennysheep_gozag_temple, layout_honeycomb, enter_ziggurat_f,
          grunt_hell_entry_dis_grunt, rand_demon_pan_entry_9, bh_walls_and_bars,
          corner_web_ring
Depths:3: nicolae_terramorphic_expanse [nicolae_terramorphic_quarter,
          nicolae_terramorphic_quarter, nicolae_terramorphic_quarter,
          nicolae_terramorphic_quarter, nicolae_terramorphic_quarter,
          nicolae_terramorphic_biome, nicolae_terramorphic_biome,
          nicolae_terramorphic_biome, nicolae_terramorphic_biome],
          layout_cave_shapes, hell_entry, ebering_dispersal_statue_hall,
          abyss_entry, uniq_mennas
Depths:4: hangedman_pleasuredromes, hell_entry, uniq_grunn
Zot:1:    layout_onion, skrybe_zot_glass_3, grunt_megastairs_3
Zot:2:    kennysheep_oblong_rooms, layout_cathedral_of_symmetry,
          regret_index_zotdec_zees
Zot:3:    layout_misc_corridors, zot_minivault_5, uniq_tiamat
Zot:4:    minmay_elemental_castle, layout_gridlike,
          regret_index_zotdec_storm_pass, nicolae_lava_and_water, drop_trap,
          st_stairs_8
Zot:5:    layout_misc_corridors, nicolae_zot_crop_circle

Skill      XL: |  1  2  3  4  5  6  7  8  9 10 11 12 13 14 15 16 17 18 19 20 21 22 23 24 25 26 27 |
---------------+----------------------------------------------------------------------------------+-----
Long Blades    | 4 5 6 7 8 10 12 14 16 17 18 20 22 24 | 24.0
Fighting       | 3 4 5 6 8 10 13 14 15 17 18 20 22 24 27 | 27.0
Dodging        | 5 6 7 8 10 13 16 19 23 24 | 24.0
Shields        | 1 7 10 13 14 15 16 19 20 | 20.0
Invocations    | 5 9 12 13 15 16 17 20 | 20.6
Evocations     | 5 8 12 17 18 | 18.0
Armour         | 6 10 13 14 15 16 17 18 | 18.0
Throwing       | |  2.0

Action                     |  1- 3 |  4- 6 |  7- 9 | 10-12 | 13-15 | 16-18 | 19-21 | 22-24 | 25-27 || total
---------------------------+-------+-------+-------+-------+-------+-------+-------+-------+-------++-------
  Melee: Long sword        |   118 |   143 |   268 |   954 |   353 |       |       |       |       ||  1836
         Punch             |       |       |     6 |       |       |       |       |       |       ||     6
         Tailslap          |       |       |       |    10 |    68 |    76 |     1 |    12 |       ||   167
         Scimitar          |       |       |       |       |  1223 |  1580 |  1913 |   157 |       ||  4873
         Double sword      |       |       |       |       |       |       |       |  1249 |  1331 ||  2580
         Eudemon blade     |       |       |       |       |       |       |       |       |    58 ||    58
         Peck              |       |       |       |       |       |       |       |       |    27 ||    27
  Throw: Throwing net      |     3 |       |       |     1 |       |       |       |       |       ||     4
         Dart              |       |     3 |     6 |    69 |    68 |       |       |       |       ||   146
         Javelin           |       |       |       |       |     1 |       |       |       |       ||     1
 Invoke: Divine Shield     |       |       |       |     4 |    15 |    19 |    16 |     7 |    17 ||    78
         Cleansing Flame   |       |       |       |       |    11 |    35 |    25 |    37 |    66 ||   174
         Summon Divine War |       |       |       |       |       |     4 |     1 |     1 |     3 ||     9
         Brand Weapon With |       |       |       |       |       |       |       |     1 |       ||     1
  Evoke: Wand              |       |       |     1 |    11 |     6 |    10 |     6 |       |     8 ||    42
         Sack of spiders   |       |       |       |     1 |     2 |     2 |     2 |     1 |     3 ||    11
         Phial of floods   |       |       |       |       |     1 |     1 |     1 |       |     1 ||     4
         Lightning rod     |       |       |       |       |       |     4 |     7 |       |       ||    11
         Phantom mirror    |       |       |       |       |       |       |       |       |     1 ||     1
    Use: Scroll            |       |       |     4 |     7 |    17 |    13 |    11 |    19 |    19 ||    90
         Potion            |       |       |       |     6 |     6 |     7 |     6 |     5 |    20 ||    50
   Stab: Sleeping          |     1 |     1 |       |       |       |       |       |       |       ||     2
         Held in net/web   |     2 |       |       |       |       |       |       |       |       ||     2
 Armour: Leather armour    |     6 |       |       |       |   297 |       |       |       |       ||   303
         Ring mail         |    71 |    73 |   147 |    21 |       |       |       |       |       ||   312
         Steam dragon scal |       |       |       |   294 |    62 |       |       |       |       ||   356
         Scale mail        |       |       |       |       |   344 |       |       |       |       ||   344
         Chain mail        |       |       |       |       |    28 |   907 |   633 |       |       ||  1568
         Skin              |       |       |       |       |       |       |     1 |       |       ||     1
         Storm dragon scal |       |       |       |       |       |       |   111 |   630 |   757 ||  1498
  Dodge: Dodged            |    87 |   100 |   170 |   608 |   731 |   585 |   415 |   412 |   506 ||  3614
  Block: Buckler           |       |       |     9 |   270 |   132 |       |       |       |       ||   411
         Kite shield       |       |       |       |       |   787 |       |       |       |       ||   787
         Tower shield      |       |       |       |       |    92 |  2454 |  2363 |  1617 |  1855 ||  8381
         Other             |       |       |       |       |       |       |     1 |       |       ||     1
